 Dungeon Crawl Stone Soup version 0.20.1-1-g8b1a95d66d (webtiles) character file.

3308 NixNut the Cleaver (level 9, -4/78 HPs)
             Began as a Grey Draconian Chaos Knight on Dec 26, 2017.
             Killed from afar by an electric eel (8 damage)
             ... with a bolt of electricity
             ... on level 8 of the Dungeon on Dec 27, 2017.
             The game lasted 01:36:33 (8440 turns).

NixNut the Cleaver (Grey Draconian Chaos Knight)    Turns: 8440, Time: 01:36:33

Health: -4/78      AC: 12    Str: 15    XL:     9   Next: 70%
Magic:  9/9        EV: 18    Int: 16    God:    Xom [*.....]
Gold:   108        SH:  0    Dex: 10    Spells: 7/8 levels left

rFire    x . .     SeeInvis .   a - +1 hand axe (chaos)
rCold    + . .     Gourm    .   (no shield)
rNeg     . . .     Faith    .   (armour unavailable)
rPois    .         Spirit   .   (helmet restricted)
rElec    .         Reflect  .   (no cloak)
rCorr    .         Harm     .   (no gloves)
MR       +....                  (no boots)
Stlth    ++........             (no amulet)
Regen    0.3/turn               r - ring of ice
MPRegen  0.2/turn               v - +4 ring of evasion

@: flying
A: walk through water, unfitting armour, big wings, magic resistance 1,
unbreathing, cold-blooded, subdued magic 1, AC +12
a: Stop Flying, Renounce Religion


You were on level 8 of the Dungeon.
You worshipped Xom.
You were a special plaything of Xom.
You were not hungry.

You visited 1 branch of the dungeon, and saw 8 of its levels.

You collected 300 gold pieces.
You spent 192 gold pieces at shops.

Inventory:

Hand Weapons
 a - a +1 hand axe of chaos (weapon)
 n - a +0 quarterstaff
Missiles
 c - 95 stones
 j - 7 tomahawks (quivered)
Magical Staves
 D - an uncursed staff of summoning
Jewellery
 k - an uncursed ring of see invisible
 r - a ring of ice (left hand)
 v - a +4 ring of evasion (right hand)
 G - an uncursed amulet of guardian spirit {unknown}
Wands
 h - a wand of random effects (31/48)
 i - a wand of random effects (16/48)
 w - a wand of iceblast (10/15)
 y - a wand of acid (3/15)
Scrolls
 q - 2 scrolls of fog
 u - a scroll of remove curse
 A - 2 scrolls of magic mapping
 C - 2 scrolls of enchant weapon
Potions
 e - 2 potions of brilliance
 f - a potion of flight {unknown}
 g - a potion of magic {unknown}
 l - a potion of might {unknown}
 m - a potion of mutation {unknown}
 p - a potion of lignification {unknown}
 z - a potion of haste {unknown}
 E - a potion of curing
 F - a potion of heal wounds
Books
 s - a book of Necromancy

   Spells                             Type                      Level
   a - Pain                           Necromancy                   1
   b - Animate Skeleton               Necromancy                   1
   c - Vampiric Draining              Necromancy                   3
   d - Regeneration                   Charms/Necromancy            3
   e - Animate Dead                   Necromancy                   4
   f - Control Undead                 Necromancy                   4
 x - Sif Muna's Compendium of Necromancy
   (You found it on level 6 of the Dungeon)

   Spells                             Type                      Level
   a - Pain                           Necromancy                   1
 B - a book of Frost

   Spells                             Type                      Level
   a - Freeze                         Ice                          1
   b - Throw Frost                    Conjuration/Ice              2
   c - Ozocubu's Armour               Charms/Ice                   3
   d - Throw Icicle                   Conjuration/Ice              4
   e - Summon Ice Beast               Ice/Summoning                4
Comestibles
 b - 2 meat rations
 d - 4 bread rations
 o - 6 royal jellies
 t - 4 fruits


   Skills:
 - Level 6.8 Fighting
 + Level 11.4 Axes
 - Level 0.3 Throwing
 - Level 5.0 Dodging
 - Level 1.9 Stealth
 + Level 0.1 Spellcasting
 * Level 1.8 Ice Magic


You had 7 spell levels left.
You knew the following spells:

 Your Spells              Type           Power        Failure   Level  Hunger
a - Freeze                Ice            #...         10%         1    ##.....


Dungeon Overview and Level Annotations

Branches:
Dungeon (8/15)
 Temple: D:4-7         Lair: D:8-11

Altars:
Hepliaklqana
Kikubaaqudgha
Makhleb
Nemelex Xobeh
Okawaru
Sif Muna
Vehumet
Xom

Shops:
D:4 !

Annotations:
D:6 topfpfpflanze's ghost, novice TrTm
D:7 exclusion: statue


Innate Abilities, Weirdness & Mutations

You can walk through water.
Your dull iron-grey scales are very hard. (AC +12)
You cannot fit into any form of body armour.
You can survive without breathing.
You are cold-blooded and may be slowed by cold attacks.
Your large and strong wings let you fly indefinitely.
You are resistant to hostile enchantments. (MR+)
Your spells are a little easier to cast, but a little less powerful.


Message History

An electric eel is nearby!
The electric eel shoots out a bolt of lightning at you!
The bolt of electricity hits your giant cockroach.
Your giant cockroach dies!
Your giant cockroach's corpse disappears in a puff of smoke!
The bolt of electricity misses you.
The electric eel shoots out a bolt of lightning at you!
The bolt of electricity hits your giant cockroach.
Your giant cockroach dies!
Your giant cockroach's corpse disappears in a puff of smoke!
The bolt of electricity hits you!
* * * LOW HITPOINT WARNING * * *
The electric eel shoots out a bolt of lightning at you!
The bolt of electricity hits you!
* * * LOW HITPOINT WARNING * * *
The electric eel shoots out a bolt of lightning at you!
The bolt of electricity misses you.
The electric eel shoots out a bolt of lightning at you!
The bolt of electricity hits you!
You die...

.....#.PPP♣♣♣≈≈≈..#
####'#..P♣≈♣≈≈P.###
......PPP♣≈≈≈PP≈..######
..P≈P≈≈P♣≈≈PP.≈...#.....
..≈P≈≈≈♣P.{...#...'....#
P.≈≈♣≈PP≈.....#.♣≈≈≈...#
.≈PPP≈PP......#.≈P≈≈≈..#
.≈{P≈P........#..♣P♣...#
≈≈≈≈..........##@.##...#
..######'#######..##.>.#
.♣≈P≈♣ ♣;≈. #.......#
≈≈≈P≈≈♣≈≈≈≈P #.......#
≈P≈≈≈P≈≈≈♣P≈♣ #.......#..
≈≈P≈P≈≈≈P≈≈≈;≈ ♣;......'..
≈≈≈≈≈≈≈≈≈≈≈≈≈P;P≈♣.....#(.
≈≈≈≈≈;≈;≈ ≈≈≈≈≈≈≈≈≈....# .
≈≈≈≈≈≈≈≈≈ ≈≈P≈≈≈≈≈≈♣...#


You could see an electric eel.

Vanquished Creatures
  The ghost of BrokenGlass the Skirmisher, a novice OpFi (D:5)
  4 hogs (D:7)
  A human (D:7)
  Duvessa (D:5)
  2 orc warriors (D:7)
  2 ogres
  3 centaurs
  A wolf (D:7)
  A bullfrog (D:5)
  2 scorpions (D:4)
  Dowan (D:5)
  9 killer bees
  2 electric eels (D:8)
  2 crimson imps
  2 hounds (D:7)
  3 orc priests
  5 orc wizards
  A centaur skeleton (D:5)
  2 iguanas (D:7)
  Jessica (D:2)
  Ijyb (D:5)
  7 worker ants
  2 hound skeletons
  Robin (D:4)
  6 adders
  A howler monkey skeleton (D:8)
  2 river rats
  A shadow imp (D:8)
  3 oozes
  An adder zombie (D:7)
  5 worms
  2 dart slugs (D:4)
  3 leopard geckos
  18 orcs
  A ball python (D:1)
  8 bats
  4 giant cockroaches
  18 goblins
  6 hobgoblins
  10 jackals
  6 quokkas
  A bat (shapeshifter) (D:5)
  6 frilled lizards
  7 kobolds
  A leopard gecko skeleton (D:7)
  2 quokka skeletons (D:4)
  6 rats
  3 plants (D:8)
178 creatures vanquished.

Vanquished Creatures (others)
  A phantom (D:5)
  2 orc wizards (D:7)
  A jackal (D:1)
  2 fire vortices (D:8)
  6 plants (D:8)
12 creatures vanquished.

Grand Total: 190 creatures vanquished

Notes
Turn   | Place    | Note
-------+----------+-------------------------------------------
     0 | D:1      | NixNut the Draconian Chaos Knight began the quest for the Orb.
     0 | D:1      | Reached XP level 1. HP: 19/19 MP: 1/1
    24 | D:1      | XOM: butterfly on damage
    61 | D:1      | XOM: silly message
   117 | D:1      | XOM: divination: magic mapping
   302 | D:1      | XOM: divination: detect creatures
   304 | D:1      | XOM: silly message
   333 | D:1      | Reached XP level 2. HP: 20/26 MP: 2/2
   335 | D:1      | XOM: potion effect (curing)
   466 | D:1      | Reached skill level 1 in Stealth
   827 | D:1      | Reached XP level 3. HP: 32/33 MP: 3/3
   949 | D:1      | XOM: harmless Chrm miscast
  1060 | D:2      | XOM: harmless Hex miscast
  1121 | D:2      | XOM: enchant monster (good)
  1158 | D:2      | Found a faded altar of an unknown god.
  1159 | D:2      | Noticed Jessica
  1168 | D:2      | Killed Jessica
  1168 | D:2      | Reached skill level 4 in Axes
  1168 | D:2      | Reached XP level 4. HP: 25/40 MP: 4/4
  1445 | D:2      | XOM: silly message
  1453 | D:2      | XOM: god gift: meat ration
  1749 | D:2      | XOM: 6-stop teleportation journey
  2094 | D:3      | XOM: god gift: 52 gold pieces
  2097 | D:3      | XOM: confuse monster(s)
  2247 | D:3      | Reached XP level 5. HP: 38/46 MP: 5/5
  2285 | D:3      | Reached skill level 5 in Axes
  2677 | D:3      | Found an ancient bone altar of Kikubaaqudgha.
  2857 | D:3      | XOM: mild Ice miscast
  3118 | D:4      | Noticed an ogre
  3120 | D:4      | XOM: confuse monster(s)
  3123 | D:4      | XOM: cast spell 'Olgreb's Toxic Radiance'
  3134 | D:4      | Killed an ogre
  3134 | D:4      | Reached XP level 6. HP: 28/52 MP: 6/6
  3195 | D:4      | XOM: harmless Conj miscast
  3429 | D:4      | Found Cunyaf's Distillery.
  3438 | D:4      | Reached skill level 6 in Axes
  3519 | D:4      | Bought a potion of curing for 36 gold pieces
  3519 | D:4      | Bought a potion of heal wounds for 60 gold pieces
  3519 | D:4      | Bought a potion of curing for 36 gold pieces
  3519 | D:4      | Bought a potion of heal wounds for 60 gold pieces
  3566 | D:4      | Noticed Robin
  3568 | D:4      | XOM: divination: magic mapping
  3592 | D:4      | Killed Robin
  3836 | D:4      | Found a sparkling altar of Nemelex Xobeh.
  3845 | D:4      | Found a hazy altar of Hepliaklqana.
  3852 | D:4      | Found an iron altar of Okawaru.
  3935 | D:4      | Found a burning altar of Makhleb.
  3963 | D:5      | Entered Level 5 of the Dungeon
  3975 | D:5      | Noticed BrokenGlass's ghost (novice OpFi)
  3981 | D:5      | XOM: divination: detect creatures
  4001 | D:5      | Killed BrokenGlass's ghost
  4001 | D:5      | Reached skill level 7 in Axes
  4001 | D:5      | Your scales start taking on a dull iron-grey colour.
  4001 | D:5      | Reached XP level 7. HP: 35/58 MP: 7/7
  4001 | D:5      | Gained mutation: You can survive without breathing. [Grey Draconian growth]
  4195 | D:5      | XOM: mild Erth miscast
  4717 | D:5      | Noticed Duvessa
  4719 | D:5      | Noticed Ijyb
  4719 | D:5      | Noticed Dowan
  4730 | D:5      | Killed Dowan
  4737 | D:5      | Killed Ijyb
  4737 | D:5      | Reached skill level 8 in Axes
  4739 | D:5      | XOM: smoke on damage
  4761 | D:5      | Killed Duvessa
  4761 | D:5      | Reached XP level 8. HP: 35/66 MP: 8/8
  4777 | D:5      | XOM: harmless Chrm miscast
  5003 | D:5      | XOM: blink monster(s)
  5011 | D:5      | XOM: confusion
  5018 | D:5      | XOM: stat loss: -1 Dex (9/10)
  5023 | D:5      | XOM: mild Hex miscast
  5025 | D:5      | XOM: divine lightning
  5117 | D:5      | Reached skill level 5 in Dodging
  5203 | D:6      | Found a deep blue altar of Sif Muna.
  5232 | D:6      | Noticed topfpfpflanze's ghost (novice TrTm)
  5266 | D:6      | XOM: enchant monster (bad)
  5281 | D:6      | Identified Sif Muna's Compendium of Necromancy
  5296 | D:7      | Found a shimmering altar of Xom.
  5320 | D:7      | Reached skill level 9 in Axes
  5671 | D:7      | XOM: swap monsters
  5679 | D:7      | XOM: potion effect (agility)
  5681 | D:7      | XOM: silly message
  5689 | D:7      | XOM: destruction
  5693 | D:7      | Reached skill level 5 in Fighting
  5698 | D:7      | Reached skill level 10 in Axes
  5705 | D:7      | Reached XP level 9. HP: 62/74 MP: 9/9
  5761 | D:7      | XOM: swap monsters
  5858 | D:7      | XOM: enchant monster (good)
  5958 | D:7      | XOM: scenery: create altars
  5962 | D:7      | XOM: scenery: create altars
  5963 | D:7      | XOM: confuse monster(s)
  5977 | D:7      | XOM: polymorph killer bee -> river rat
  5983 | D:7      | XOM: mild Necr miscast
  5985 | D:7      | XOM: blink monster(s)
  6057 | D:7      | XOM: confuse monster(s)
  6165 | D:7      | XOM: god gift: 16 stones
  6220 | D:7      | XOM: destruction
  6466 | D:7      | XOM: scenery: create altars
  6533 | D:7      | XOM: polymorph orc warrior -> wolf
  6535 | D:7      | XOM: scenery: 1 doors close
  6539 | D:7      | XOM: harmless Summ miscast
  6630 | D:7      | Found a radiant altar of Vehumet.
  6649 | D:7      | Learned a level 1 spell: Freeze
  6815 | D:7      | Reached skill level 11 in Axes
  7015 | D:8      | XOM: cloud trail
  7113 | D:8      | XOM: mild Tloc miscast
  7371 | D:8      | XOM: cloud trail
  7449 | D:8      | Gained mutation: Your large and strong wings let you fly indefinitely. [mutagenic glow]
  7483 | D:8      | Gained mutation: Your spells are a little easier to cast, but a little less powerful. [mutagenic glow]
  7832 | D:8      | Reached skill level 1 in Ice Magic
  7851 | D:8      | XOM: enchant monster (bad)
  7857 | D:8      | XOM: 1-stop teleportation journey
  7978 | D:8      | XOM: give mutation
  7978 | D:8      | Gained mutation: You are resistant to hostile enchantments. (MR+) [Xom's mischief]
  7984 | D:8      | XOM: summons 3 hostile demons
  8438 | D:8      | HP: 3/78 [electric eel/bolt of electricity (8)]
  8440 | D:8      | Killed from afar by an electric eel

Skill      XL: |  1  2  3  4  5  6  7  8  9 |
---------------+----------------------------+-----
Stealth        | 1 |  1.9
Axes           | 4 5 7 8 10 11 | 11.4
Dodging        | 3 4 5 |  5.0
Fighting       | 5 6 |  6.8
Ice Magic      | 1 |  1.8
Throwing       | |  0.3
Spellcasting   | |  0.1

Action                   |  1- 3 |  4- 6 |  7- 9 || total
-------------------------+-------+-------+-------++-------
Melee: Hand axe          |   109 |   182 |   405 ||   696
       Tailslap          |    11 |    16 |    60 ||    87
       Battleaxe         |       |       |     4 ||     4
Throw: Tomahawk          |       |     1 |     4 ||     5
 Cast: Freeze            |       |       |     1 ||     1
 Abil: Fly               |       |       |     1 ||     1
Evoke: Wand              |       |       |     2 ||     2
  Use: Scroll            |     1 |     7 |     5 ||    13
       Potion            |       |     2 |     4 ||     6
 Stab: Sleeping          |     2 |     2 |     1 ||     5
       Paralysed         |     5 |     2 |     3 ||    10
       Confused          |       |     1 |     4 ||     5
       Petrified         |       |       |     2 ||     2
       Petrifying        |       |       |     1 ||     1
       Distracted        |       |       |     1 ||     1
  Eat: Bread ration      |     1 |       |       ||     1
       Royal jelly       |       |     1 |       ||     1
       Meat ration       |       |     1 |     3 ||     4
Armor: Skin              |    29 |    36 |   106 ||   171
Dodge: Dodged            |    65 |   116 |   333 ||   514
